 Dungeon Crawl Stone Soup version 0.27-a0-1147-gb3d8e82157 (webtiles) character file.

Game seed: 10911721433288224726

9 lostcausedog the Shield-Bearer (level 2, -1/29 HPs)
             Began as a Troll Fighter on May 12, 2021.
             Slain by a kobold
             ... wielding a +0 whip of electrocution
              (4 damage)
             ... on level 1 of the Dungeon.
             The game lasted 00:03:05 (425 turns).

lostcausedog the Shield-Bearer (Troll Fighter)       Turns: 425, Time: 00:03:06

Health: -1/29      AC:  4    Str: 23    XL:     2   Next: 6%
Magic:  1/1        EV:  8    Int:  4    God:
Gold:   24         SH:  8    Dex:  9    Spells: 1/1 levels left

rFire    . . .     SeeInvis .   a - +0 flail
rCold    . . .     Faith    .   c - +0 kite shield
rNeg     . . .     Spirit   .   b - +0 robe
rPois    .         Reflect  .   (helmet restricted)
rElec    .         Harm     .   (no cloak)
rCorr    .         Rampage  .   (gloves unavailable)
Will     .....                  (boots unavailable)
Stlth    +.........             (no amulet)
HPRegen  1.09/turn              (no ring)
MPRegen  0.07/turn              (no ring)

@: no status effects
A: large, unfitting armour, claws 3, regeneration 1, shaggy fur 1, tough skin 1
a: no special abilities


You were on level 1 of the Dungeon.
You visited 1 branch of the dungeon, and saw 1 of its levels.

You collected 24 gold pieces.

Inventory:

Hand Weapons
 a - a +0 flail (weapon)
 f - a +0 whip
 i - a +0 dagger
Missiles
 h - 27 bolts
Armour
 b - a +0 robe (worn)
 c - a +0 kite shield (worn)
Scrolls
 e - a scroll of immolation {unknown}
 g - a scroll of brand weapon {unknown}
Potions
 d - a potion of might


   Skills:
 + Level 2.5 Fighting
 + Level 1.9 Maces & Flails
 + Level 2.5 Dodging
 + Level 2.6 Shields


You had one spell level left.
You didn't know any spells.
Your spell library was empty.

Dungeon Overview and Level Annotations

Branches:
Dungeon (1/15)

Altars:


Innate Abilities, Weirdness & Mutations

You are too large for most types of armour.
You have claws for hands.
Your natural rate of healing is unusually fast.
You are covered in fur. (AC +1)
You have tough skin. (AC +1)


Message History

You barely miss the bat. The bat barely misses you. You block the bat's attack.
The bat hits you but does no damage. The bat barely misses you.
You closely miss the bat. The bat hits you but does no damage. x2
You hit the bat.
You kill the bat!
A ball python comes into view.
You see here a bat corpse.
You now have 24 gold pieces (gained 9).
The ball python hisses angrily.
A ball python is nearby!
You hit the ball python.
You kill the ball python!
A kobold comes into view.
It is wielding a +0 whip of electrocution.
The kobold shouts!
You hear an angry hiss.
The kobold throws a stone.
The stone hits you.
A ball python comes into view.
The kobold throws a stone.
You block the stone.
The kobold throws a stone.
You block the stone. The kobold closely misses you.
You barely miss the kobold. The kobold barely misses you.
You barely miss the kobold. You block the kobold's attack. x2
You completely miss the kobold. The kobold closely misses you.
You closely miss the kobold.
The kobold hits you with a +0 whip of electrocution.
The kobold closely misses you.
You barely miss the kobold.
The kobold hits you with a +0 whip of electrocution.
You closely miss the kobold. You block the kobold's attack.
The kobold hits you with a +0 whip of electrocution.
You are electrocuted!!
Ouch! That really hurt!
* * * LOW HITPOINT WARNING * * *
You hit the kobold but do no damage. The kobold barely misses you.
You closely miss the kobold.
The kobold hits you with a +0 whip of electrocution.
* * * LOW HITPOINT WARNING * * *
The kobold hits you with a +0 whip of electrocution.
You die...

#. ... #. #.# .# #. #.#
.# #### #.# #.#
.###P.###.# #.#
.##..P..#.## #.#
.#..P.P....####.#
....♣♣..........########
..PP♣P.P...####.@KS.....
.#P..PP.##.#########..##
.††..........#
PP♣.†..###.#.#
P♣♣♣♣......#.#
P.♣....###.#.#
.♣♣PP......#.#
#P.....#####.# .......#
###.#


You could see a ball python and a kobold.

Vanquished Creatures
  2 bats (D:1)
  A giant cockroach (D:1)
  A hobgoblin (D:1)
  3 ball pythons (D:1)
  2 frilled lizards (D:1)
  2 rats (D:1)
  A bush (D:1)
12 creatures vanquished.

Vanquished Creatures (others)
  3 plants (D:1)
3 creatures vanquished.

Grand Total: 15 creatures vanquished

Notes
Turn   | Place    | Note
-------+----------+-------------------------------------------
     0 | D:1      | lostcausedog the Troll Fighter began the quest for the Orb.
     0 | D:1      | Reached XP level 1. HP: 22/22 MP: 0/0
   293 | D:1      | Reached XP level 2. HP: 29/29 MP: 1/1
   425 | D:1      | Slain by a kobold

Illustrated notes

Levels and vault maps discovered:
D:1:      psy_arrival_conway, layout_loops_ring, serial_shops, shop_statue,
          serial_forest, infiniplex_forest_clump_double,
          infiniplex_forest_clump_C, infiniplex_forest_clump_long,
          infiniplex_forest_lined_3, infiniplex_forest_lined_3_way,
          infiniplex_forest_zigzag_1, infiniplex_forest_lined_3_way,
          ebering_ecumenical_altar_abandoned, corexii_hall_statues_deadend,
          minmay_pentomino_p4

Action                   || total
-------------------------++-------
Melee: Flail             ||   122
Armor: Robe              ||    84
Dodge: Dodged            ||    58
Block: Kite shield       ||    62

Table legend: (Time is in decaauts)
 A = Elapsed time spent in this place.
 B = Non-inter-level travel time spent in this place.
 C = Inter-level travel time spent in this place.
 D = Time resting spent in this place.
 E = Time spent auto-exploring this place.
 F = Levels seen in this place.
 G = Mean time per level.
                   A        B        C        D        E       F      G
               +--------+--------+--------+--------+--------+-----+--------+
         Total |    493 |    493 |      0 |      0 |    112 |   1 |  493.0 |
       Dungeon |    493 |    493 |      0 |      0 |    112 |   1 |  493.0 |
               +--------+--------+--------+--------+--------+-----+--------+

Top non-repeatable levels by time:
     D:1: 493 daAuts
